AoeStats
← caltan

Arena

509164159Analyzed
4v4 RM · 8d ago on Sep 25, 2026· 66m 44s· 8 players
Game mode
Random Map
Map size
Large (8 player)
Population
200
Speed
Normal
Resources
Standard
Victory
Conquest
Starting age
Dark Age
Ending age
Imperial Age
RankedLock teamsTeams togetherTeam positionsShared explorationLock speedFull tech treeHidden civsTurbo modeCheats
Victory
Defeat
🇹🇷 Byzantines · Türkiye
1137
+11
🇹🇷 Chinese · Türkiye
1053
+14
🇨🇳 Turks · China
971
+18
🇹🇷 Khmer · Türkiye
949
+18
🇩🇪 Britons · Germany
1108
-20
🇩🇪 Danes · Germany
1058
-17
🇳🇱 Vikings · Netherlands
992
-14
🇩🇪 Franks · Germany
887
-10
Volker Rachow
10:22 Feudal Age
13:59 Castle Age
11:57 Double-Bit Axe
12:08 Horse Collar
16:00 Bow Saw
16:35 Heavy Plow
18:58 Fletching
21:32 Gold Mining
22:40 Bodkin Arrow
23:30 Coinage
24:46 Crossbowman
27:05 Wheelbarrow
28:41 Hand Cart
28:12 Town Watch
31:40 Imperial Age
30:10 Padded Archer Armor
29:45 Pikeman
30:25 Squires
30:12 Arson
31:07 Ballistics
31:51 Scale Mail Armor
33:00 Bracer
33:09 Loom
34:38 Chemistry
33:34 Arbalester
35:19 Yeomen
35:34 Leather Archer Armor
36:12 Guilds
36:36 Banking
36:50 Loom
38:13 Conscription
38:28 Ring Archer Armor
38:22 Masonry
38:58 Hoardings
40:11 Architecture
40:09 Chain Mail Armor
39:17 Halberdier
41:24 Fortified Wall
42:26 Plate Mail Armor
42:02 Warwolf
43:59 Elite Longbowman
45:54 Forging
47:53 Caravan
51:46 Guard Tower
51:42 Arrowslits
53:46 Keep
53:09 Murder Holes
Gigapudi32
11:14 Feudal Age
17:23 Castle Age
15:58 Horse Collar
16:07 Double-Bit Axe
17:25 Loom
18:24 Bow Saw
19:28 Scale Mail Armor
20:26 Forging
24:26 Stone Mining
27:26 Heavy Plow
31:11 Fletching
37:45 Imperial Age
37:41 Wheelbarrow
38:49 Hand Cart
38:07 Onager
40:58 Siege Onager
42:33 Pikeman
43:55 Siege Engineers
44:12 Ballistics
45:37 Chain Mail Armor
45:58 Iron Casting
45:16 Halberdier
50:34 Blast Furnace
50:04 Plate Mail Armor
51:43 Padded Archer Armor
51:39 Bodkin Arrow
53:33 Northmen's Fury
57:48 Bracer
58:04 Leather Archer Armor
58:53 Hamask
64:01 Man-at-Arms
64:27 Gambesons
64:43 Squires
65:26 Ring Archer Armor
65:03 Scale Barding Armor
66:03 Chemistry
65:02 Murder Holes
65:22 Masonry
65:07 Guard Tower
LLampe
11:49 Feudal Age
17:05 Castle Age
15:29 Double-Bit Axe
17:35 Gold Mining
18:31 Husbandry
20:32 Loom
21:24 Forging
23:00 Bow Saw
22:41 Pikeman
25:09 Wheelbarrow
26:53 Hand Cart
28:24 Ballistics
28:43 Iron Casting
27:58 Fletching
34:51 Imperial Age
34:00 Bodkin Arrow
34:07 Padded Archer Armor
34:14 Scale Barding Armor
36:17 Conscription
36:01 Chivalry
35:23 Elite Throwing Axeman
37:13 Chemistry
38:27 Blast Furnace
37:48 Chain Barding Armor
37:27 Cavalier
39:54 Gold Shaft Mining
39:51 Paladin
43:17 Leather Archer Armor
43:37 Plate Barding Armor
47:51 Halberdier
48:32 Squires
49:26 Murder Holes
48:57 Elite Skirmisher
56:14 Caravan
Xion574
11:30 Feudal Age
15:01 Castle Age
16:17 Loom
17:08 Double-Bit Axe
17:09 Horse Collar
21:10 Bow Saw
21:35 Heavy Plow
24:30 Town Watch
29:43 Imperial Age
27:22 Town Patrol
27:21 Treadmill Crane
28:06 Ballistics
27:57 Fortified Wall
28:04 Masonry
27:50 Murder Holes
28:20 Forging
28:10 Scale Mail Armor
28:01 Fletching
28:11 Padded Archer Armor
29:03 Gold Mining
29:04 Stone Mining
28:43 Man-at-Arms
29:24 Squires
29:10 Arson
30:04 Iron Casting
29:53 Long Swordsman
30:59 Chain Mail Armor
30:40 Bodkin Arrow
30:21 Elite Varangian Guard
32:07 Blast Furnace
31:23 Leather Archer Armor
30:36 Capped Ram
32:00 Gold Shaft Mining
32:18 Crop Rotation
33:00 Two-Man Saw
32:03 Two-Handed Swordsman
32:57 Champion
34:59 Plate Mail Armor
34:29 Bracer
34:59 Ring Archer Armor
34:56 Conscription
34:57 Siege Ram
36:38 Hoardings
36:35 Chieftains
38:13 Bogsveigar
40:15 Crossbowman
41:37 Siege Engineers
42:32 Chemistry
41:50 Arbalester
47:00 Pikeman
49:01 Caravan
49:34 Elite Skirmisher
57:22 Guard Tower
58:03 Architecture
60:35 Arrowslits
caltan
11:20 Feudal Age
15:03 Castle Age
13:05 Double-Bit Axe
13:16 Horse Collar
17:12 Bow Saw
17:32 Loom
18:20 Heavy Plow
21:19 Wheelbarrow
23:47 Pikeman
24:27 Squires
26:17 Gold Mining
26:19 Stone Mining
29:51 Imperial Age
27:38 Hand Cart
28:52 Gold Shaft Mining
29:26 Scale Barding Armor
30:19 Gambesons
30:38 Elite Cataphract
32:50 Chemistry
32:01 Fortified Wall
32:50 Chain Barding Armor
32:41 Forging
32:32 Scale Mail Armor
33:05 Conscription
32:51 Murder Holes
32:51 Elite Skirmisher
33:37 Thumb Ring
35:36 Two-Man Saw
36:11 Chain Mail Armor
35:58 Padded Archer Armor
37:56 Ballistics
38:50 Logistica
39:20 Halberdier
43:42 Caravan
43:40 Man-at-Arms
44:06 Arson
46:07 Husbandry
45:27 Light Cavalry
46:34 Long Swordsman
48:05 Plate Mail Armor
48:10 Iron Casting
47:27 Fletching
48:08 Capped Ram
51:40 Siege Ram
57:47 Two-Handed Swordsman
58:46 Champion
59:39 Elite Varangian Guard
61:50 Hussar
67:11 Plate Barding Armor
67:11 Iron Casting
66:32 Bodkin Arrow
66:52 Leather Archer Armor
ImJoker
10:42 Feudal Age
14:07 Castle Age
13:02 Double-Bit Axe
19:08 Horse Collar
28:40 Imperial Age
27:56 Padded Archer Armor
27:46 Fletching
28:52 Leather Archer Armor
29:54 Ballistics
31:49 Chemistry
31:25 Ring Archer Armor
30:50 Bodkin Arrow
31:30 Elite Ballista Elephant
35:35 Wheelbarrow
36:11 Double Crossbow
38:15 Conscription
39:24 Bracer
41:19 Scale Barding Armor
41:24 Forging
43:38 Chain Barding Armor
43:54 Iron Casting
43:40 Light Cavalry
44:33 Bloodlines
44:24 Husbandry
45:03 Hussar
47:17 Plate Barding Armor
66:53 Fortified Wall
9630791
10:42 Feudal Age
12:03 Loom
15:28 Castle Age
13:49 Double-Bit Axe
13:49 Horse Collar
15:39 Bloodlines
23:30 Wheelbarrow
24:50 Heavy Plow
26:26 Hand Cart
29:48 Scale Barding Armor
29:54 Stone Mining
30:17 Bow Saw
30:37 Forging
33:22 Imperial Age
31:44 Chain Barding Armor
32:02 Padded Archer Armor
32:37 Iron Casting
33:30 Gold Mining
34:00 Leather Archer Armor
33:43 Elite Janissary
34:46 Conscription
35:45 Artillery
37:06 Ballistics
37:23 Ring Archer Armor
37:29 Plate Barding Armor
37:55 Blast Furnace
37:03 Husbandry
38:34 Two-Man Saw
38:18 Gold Shaft Mining
37:59 Murder Holes
37:57 Heavy Camel Rider
43:05 Fletching
45:51 Bombard Tower
51:27 Masonry
51:16 Bodkin Arrow
60:07 Bracer
Kori
0:33 Loom
10:27 Feudal Age
14:27 Castle Age
13:38 Double-Bit Axe
13:34 Horse Collar
15:29 Heavy Plow
20:24 Bow Saw
21:14 Wheelbarrow
23:46 Stone Mining
26:21 Hand Cart
27:54 Fletching
28:36 Bodkin Arrow
28:41 Padded Archer Armor
31:37 Imperial Age
29:55 Gold Mining
30:40 Stone Shaft Mining
30:27 Leather Archer Armor
32:43 Conscription
32:58 Bracer
33:49 Ballistics
35:07 Chemistry
35:06 Ring Archer Armor
36:38 Elite Chu Ko Nu
38:12 Town Watch
38:44 Masonry
41:07 Thumb Ring
44:53 Crossbowman
45:30 Arbalester
49:28 Elite Skirmisher
52:05 Two-Man Saw
51:41 Gold Shaft Mining
54:10 Capped Ram
55:15 Siege Ram
59:43 Architecture
66:09 Fortified Wall
Connection lost

Rejoining the realm…

Still unreachable

The connection could not be restored.

Session expired

The server has moved on; the page needs a fresh start.